 Dungeon Crawl Stone Soup version 0.30-a0-591-g3c58d2bc28 (webtiles) character file.

Game seed: 233347387194000181

54 brightshaft the Shooter (level 3, -16/29 HPs)
             Began as a Demigod Hunter on Jan 6, 2023.
             Killed from afar by a steam dragon (24 damage)
             ... with a ball of steam
             ... on level 3 of the Dungeon.
             The game lasted 00:01:35 (793 turns).

brightshaft the Shooter (Demigod Hunter)             Turns: 793, Time: 00:01:36

Health: -16/29     AC:  3    Str: 12    XL:     3   Next: 44%
Magic:  5/5        EV: 12    Int: 11    God:
Gold:   57         SH:  0    Dex: 21    Spells: 2/2 levels left

rFire   . . .      SeeInvis .    a - +0 shortbow
rCold   . . .      Faith    .    (shield currently unavailable)
rNeg    + . .      Spirit   .    c - +0 leather armour
rPois   .          Reflect  .    (no helmet)
rElec   .          Harm     .    (no cloak)
rCorr   .          Rampage  .    (no gloves)
Will    .....                    (no boots)
Stlth   ++                       (no amulet)
HPRegen 0.24/turn                e - ring of positive energy
MPRegen 0.09/turn                (no ring)

@: no status effects
A: high MP 1, forlorn, divine attributes
a: no special abilities


You were on level 3 of the Dungeon.
You visited 1 branch of the dungeon, and saw 3 of its levels.

You collected 57 gold pieces.

Inventory:

Hand Weapons
 a - a +0 shortbow (weapon)
Armour
 c - a +0 leather armour (worn)
Jewellery
 e - a ring of positive energy (left hand)
Scrolls
 b - a scroll of immolation
 d - 4 scrolls of identify {@r1}
 f - a scroll of brand weapon {unknown}
 g - 2 scrolls of enchant weapon {unknown}
Potions
 h - a potion of lignification {unknown}


   Skills:
 - Level 1.7 Fighting
 * Level 4.9 Ranged Weapons
 - Level 1.7 Dodging
 - Level 0.8 Stealth


You had 2 spell levels left.
You didn't know any spells.
Your spell library contained the following spells:

 Spells                   Type           Power      Damage    Failure   Level
 Apportation              Tloc           0%         N/A       41%         1
 Alistair's Intoxication  Tmut/Pois      0%         N/A       100%        5


Dungeon Overview and Level Annotations

Branches:
Dungeon (3/15)

Shops:
D:2 *(?

Annotations:
D:2 Robin


Innate Abilities, Weirdness & Mutations

You have an increased reservoir of magic. (+10% MP)
You shall have no god before yourself.
Your divine heritage dramatically boosts your attributes as you level up.


Message History

No target in view!
d - 4 scrolls of identify {@r1} (gained 1)
An endoplasm comes into view.
An endoplasm is nearby!
You shoot an arrow. The arrow hits the endoplasm!
You kill the endoplasm!
No target in view!
No target in view!
No target in view!
Found an iron altar of Okawaru.
No target in view!
No target in view!
There is an iron altar of Okawaru here.
Things that are here:
a +0 club; a kobold corpse
Found a stone staircase leading down.
An adder comes into view.
Found a ring of positive energy.
The adder hisses angrily.
A steam dragon comes into view.
There is a stone staircase leading down here.
You shoot an arrow. The steam dragon hisses angrily.
The arrow hits the adder!
The adder is almost dead.
You shoot an arrow. The arrow barely misses the adder.
You shoot an arrow. The arrow hits the adder.
You kill the adder!
The steam dragon breathes steam at you. The ball of steam hits you!!
Ouch! That really hurt!
* * * LOW HITPOINT WARNING * * *
You are too injured to fight recklessly!
You are too injured to fight recklessly!
You are engulfed in a cloud of scalding steam.
* * * LOW HITPOINT WARNING * * *
The steam dragon breathes steam at you. The ball of steam hits you!!
Ouch! That really hurt!
You die...

..........##.........####.
........................##
..........#...........##.#
###.....###._.........##..
#..#..###.........##.###
.....#....#.......)####.#
###....##.####.###.#.....
.........#....# #.......
.......@....### ###.....
........§.#..# #.....
....###..§##.## #..... ...
##..D...## #..... .
####.##...# ######
.......>..# .....†.§§##
.........# ...D...§.#


There were no monsters in sight!

Vanquished Creatures
  2 adders (D:3)
  2 worms (D:3)
  A ball python (D:1)
  3 endoplasms
  A giant cockroach (D:1)
  5 goblins
  3 hobgoblins
  A kobold (D:3)
  2 quokkas
  4 bats
  A frilled lizard (D:1)
  2 rats (D:1)
27 creatures vanquished.

Notes
Turn   | Place    | Note
-------+----------+-------------------------------------------
     0 | D:1      | brightshaft the Demigod Hunter began the quest for the Orb.
     0 | D:1      | Reached XP level 1. HP: 17/17 MP: 3/3
    49 | D:1      | Reached skill level 4 in Ranged Weapons
   116 | D:1      | Reached XP level 2. HP: 24/24 MP: 4/4
   513 | D:2      | Found Aqixtest's Antique Weapon Boutique.
   519 | D:2      | Found Nosamuz's Assorted Antiques.
   521 | D:2      | Found Cociom's Magic Scroll Boutique.
   533 | D:2      | Noticed Robin
   665 | D:2      | You fall into a shaft and drop 1 floor!
   684 | D:3      | Reached XP level 3. HP: 29/29 MP: 5/5
   782 | D:3      | Noticed a steam dragon
   793 | D:3      | Killed from afar by a steam dragon

Illustrated notes

Levels and vault maps discovered:
D:1:      ncdulo_wetmaze, layout_rooms, reono_crystal_passage, minmay_tall_x
D:2:      layout_rooms, serial_shops, shop_fountains, nicolae_shop_trees,
          nicolae_shop_bloodbath_and_beyond, nicolae_square_shop,
          dreamdust_ecumenical_altar_drowned_temple, uniq_robin
D:3:      layout_rooms, nzn_hepliaklqana_mist_gate, nicolae_gozag_seed_capital,
          gammafunk_temple_overflow_pools, marbit_many_paths

Skill      XL: |  1 |
---------------+----+-----
Ranged Weapons | 4 |  4.9
Fighting       | |  1.7
Dodging        | |  1.7
Stealth        | |  0.8

Action                   || total
-------------------------++-------
 Fire: Shortbow          ||    76
  Use: Scroll            ||     1
Armor: Leather armour    ||    20
Dodge: Dodged            ||    29

Table legend: (Time is in decaauts)
 A = Elapsed time spent in this place.
 B = Non-inter-level travel time spent in this place.
 C = Inter-level travel time spent in this place.
 D = Time resting spent in this place.
 E = Time spent auto-exploring this place.
 F = Levels seen in this place.
 G = Mean time per level.
                   A        B        C        D        E       F      G
               +--------+--------+--------+--------+--------+-----+--------+
         Total |    823 |    782 |     41 |      0 |    612 |   3 |  274.3 |
       Dungeon |    823 |    782 |     41 |      0 |    612 |   3 |  274.3 |
               +--------+--------+--------+--------+--------+-----+--------+

Top non-repeatable levels by time:
     D:1: 599 daAuts
     D:3: 134 daAuts
     D:2: 89 daAuts
